 Dungeon Crawl Stone Soup version 0.19.4-10-g532645f (webtiles) character file.

51 Felix the Charmwright (level 3, 0/25 HPs)
             Began as a High Elf Skald on Feb 24, 2017.
             Slain by Robin
             ... wielding a +1 whip of electrocution
              (20 damage)
             ... on level 2 of the Dungeon.
             The game lasted 00:07:57 (1648 turns).

Felix the Charmwright (High Elf Skald)              Turns: 1648, Time: 00:07:58

Health: 0/25       AC:  5    Str: 11    XL:     3   Next: 57%
Magic:  6/8        EV: 11    Int: 16    God:
Gold:   39         SH:  0    Dex: 15    Spells: 3 memorised, 2 levels left

rFire  . . .     SeeInvis .     a - +0 short sword
rCold  . . .     Gourm    .     b - +0 leather armour
rNeg   . . .     Faith    .     (no shield)
rPois  .         Spirit   .     (no helmet)
rElec  .         Reflect  .     (no cloak)
rCorr  .         Harm     .     i - +0 pair of gloves
MR     .....                    e - +0 pair of boots
Stlth  +.........               (no amulet)
                                (no ring)
                                (no ring)

@: infused
A: no striking features
a: no special abilities


You were on level 2 of the Dungeon.
You were not hungry.

You visited 1 branch of the dungeon, and saw 2 of its levels.

You collected 39 gold pieces.

Inventory:

Hand Weapons
 a - a +0 short sword (weapon)
Missiles
 h - 27 arrows
Armour
 b - a +0 leather armour (worn)
 e - a +0 pair of boots (worn)
 i - a +0 pair of gloves (worn)
Scrolls
 j - a scroll of remove curse {unknown}
 k - a scroll of recharging {unknown}
Potions
 f - a potion of heal wounds {unknown}
 g - 2 potions of lignification {unknown}
 m - 2 potions of degeneration {unknown}
 n - 2 potions of berserk rage {unknown}
Books
 c - a book of Battle

   Spells                             Type                      Level
   a - Infusion                       Charms                       1
   b - Shroud of Golubria             Charms/Translocation         2
   c - Song of Slaying                Charms                       2
   d - Spectral Weapon                Hexes/Charms                 3
   e - Regeneration                   Charms/Necromancy            3
Comestibles
 d - 2 bread rations
 l - 2 chunks of flesh


   Skills:
 + Level 2.6 Fighting
 + Level 3.2 Short Blades
 + Level 1.3 Armour
 + Level 1.4 Dodging
 + Level 2.8 Spellcasting
 + Level 3.8 Charms


You had 2 spell levels left.
You knew the following spells:

 Your Spells              Type           Power        Failure   Level  Hunger
a - Infusion              Chrm           ##..         6%          1    #......
b - Shroud of Golubria    Chrm/Tloc      #.........   17%         2    ##.....
c - Song of Slaying       Chrm           ##......     10%         2    ##.....


Dungeon Overview and Level Annotations

Branches:
Dungeon (2/15)

Altars:

Annotations:
D:2 Robin


Message History

A goblin comes into view.
The goblin shouts!
You hear a bark!
You hear a shout!
A goblin comes into view. It is wielding a dagger of speed.
Robin points. "Kill!"
Robin zaps a wand.
Robin seems to speed up.
It is a wand of hasting.
The jackal barely misses you. Robin throws the goblin at you!
The goblin hits you but does no damage. The jackal barely misses you.
Robin says, "My army is invincible!"
The goblin misses you.
A goblin comes into view. It is wielding a club.
You closely miss the goblin. The jackal barely misses you. x2
The goblin moves out of view.
The jackal bites you but does no damage.
The goblin hits you but does no damage.
You hit the jackal!
You kill the jackal!
The jackal bites you. Robin hits you but does no damage.
You are electrocuted!
Ouch! That really hurt!
You die...

#### #.#.# #... .# #.#.#
#... .. #.#.# #. #.#.# # #.
#.#.# # #.## #.#.# #
..####..########.#.# #
...g....#g@g.......########
.....g.h.h.#####.#........#
.......#...# #.#.........
.......#...#####.#.........
..####.##.....>..#.........
# #. #..#####.#.#######. ..
##.# #.#.# #. .. #.# #.#.#
#. .. #.. #.#.# #.


You could see Robin, 2 jackals and 2 goblins.

Vanquished Creatures
  An ooze (D:1)
  2 dart slugs (D:1)
  A leopard gecko (D:2)
  A bat (D:2)
  3 giant cockroaches (D:1)
  7 goblins
  5 hobgoblins
  8 jackals
  A kobold (D:1)
  4 frilled lizards
  2 rats
35 creatures vanquished.

Notes
Turn   | Place    | Note
-------+----------+-------------------------------------------
     0 | D:1      | Felix the High Elf Skald began the quest for the Orb.
     0 | D:1      | Reached XP level 1. HP: 14/14 MP: 4/4
   185 | D:1      | Reached skill level 1 in Armour
   203 | D:1      | Reached XP level 2. HP: 15/19 MP: 0/6
   323 | D:1      | Learned a level 2 spell: Shroud of Golubria
   326 | D:1      | Learned a level 2 spell: Song of Slaying
   923 | D:1      | Reached XP level 3. HP: 25/25 MP: 2/8
  1642 | D:2      | Noticed Robin
  1648 | D:2      | Slain by Robin

Skill      XL: |  1  2 |
---------------+-------+-----
Armour         | 1 |  1.3
Short Blades   | 3 |  3.2
Fighting       | |  2.6
Dodging        | |  1.4
Spellcasting   | |  2.8
Charms         | |  3.8

Action                   || total
-------------------------++-------
Melee: Short sword       ||   111
 Cast: Infusion          ||    20
       Shroud of Golubri ||     6
  Eat: Chunk             ||     3
Armor: Leather armour    ||    37
Dodge: Dodged            ||    50
